 Dungeon Crawl Stone Soup version 0.31-a0-237-g2d982f9f85 (webtiles) character file.

Game seed: 16845438620114828887

70 qw the Shooter (level 4, -2/36 HPs)
             Began as a Minotaur Hexslinger on July 10, 2023.
             Killed from afar by Sigmund (9 damage)
             ... with a magic dart
             ... on level 2 of the Dungeon.
             The game lasted 00:00:29 (660 turns).

qw the Shooter (Minotaur Hexslinger)                 Turns: 660, Time: 00:00:30

Health: -2/36      AC:  6    Str: 13    XL:     4   Next: 4%
Magic:  4/4        EV: 11    Int: 10    God:
Gold:   19         SH:  0    Dex: 14    Spells: 4/5 levels left

rFire   . . .        Y - +1 sling
rCold   . . .        (no shield)
rNeg    . . .        e - +0 ring mail
rPois   .            (helmet restricted)
rElec   .            (no cloak)
rCorr   .            (no gloves)
SInv    .            g - +0 pair of boots
Will    .....        (no amulet)
Stlth   +            (no ring)
HPRegen 0.26/turn    (no ring)
MPRegen 0.09/turn

%: no passive effects
@: no status effects
A: horns 2, retaliatory headbutt
a: no special abilities


You were on level 2 of the Dungeon.
You visited 1 branch of the dungeon, and saw 2 of its levels.

You collected 19 gold pieces.


Innate Abilities, Weirdness & Mutations

You have a pair of horns on your head.
You reflexively headbutt those who attack you in melee.


   Skills:
 - Level 2.0 Fighting
 + Level 4.3 Ranged Weapons
 - Level 1.0 Armour
 - Level 2.1 Dodging
 - Level 1.0 Spellcasting
 - Level 2.0 Hexes


You had 4 spell levels left.
You knew the following spells:

 Your Spells              Type           Power      Damage    Failure   Level
a - Slow                  Hex            16%        N/A       32%         1

Your spell library contained the following spells:

 Spells                   Type           Power      Damage    Failure   Level
 Inner Flame              Hex/Fire       2%         N/A       82%         3
 Portal Projectile        Hex/Tloc       4%         N/A       82%         3
 Cause Fear               Hex            2%         N/A       97%         4

Inventory:

Hand Weapons
 Y - a +1 sling (weapon)
Armour
 e - a +0 ring mail (worn)
 g - a +0 pair of boots (worn)
Potions
 d - a potion of berserk rage {unknown}
 i - a potion of brilliance {unknown}
 k - a potion of haste {unknown}
 l - a potion of degeneration {unknown}

Dungeon Overview and Level Annotations

Branches:
Dungeon (2/15)

Altars:

Annotations:
D:2 Robin, Sigmund


Message History

You shoot a sling bullet. The sling bullet hits the hobgoblin.
The hobgoblin is moderately wounded.
The hobgoblin hits you. The goblin barely misses you.
You shoot a sling bullet.
The sling bullet barely misses the hobgoblin.
The hobgoblin hits you but does no damage.
The goblin hits you but does no damage.
You shoot a sling bullet.
The sling bullet hits the hobgoblin but does no damage.
The hobgoblin is moderately wounded.
The goblin hits you but does no damage. The hobgoblin closely misses you.
You furiously retaliate!
You headbutt the hobgoblin!
You kill the hobgoblin!
The goblin hits you with a +0 club.
You shoot a sling bullet.
The sling bullet barely misses the goblin.
The goblin hits you with a +0 club.
You shoot a sling bullet.
The sling bullet closely misses the goblin.
The goblin barely misses you.
You shoot a sling bullet. The sling bullet hits the goblin.
You kill the goblin!
You start resting.
Sigmund is nearby!
653 ||| FLEEEEING.
Sigmund shouts!
A kobold comes into view. It is wielding a +0 whip.
You see here a +0 club.
654 ||| FLEEEEING.
Things that are here:
a +0 club; a goblin corpse
655 ||| STILL FLEEEEING.
656 ||| STILL FLEEEEING.
657 ||| STILL FLEEEEING.
658 ||| FLEEEEING.
659 ||| FLEEEEING.
Found a spear.
660 ||| FLEEEEING.
Sigmund points at you and mumbles some strange words.
The magic dart hits you!
You die...

####..# #$ #.# #
......####.##.###.# ...)....
....... #..# #..##.# ....
#..####..##.#####)#
#..##...(.....))..#
#..##.#.......@)..# ...
#.....####..# #.#
#.@............
##########.####$....####.####
.$.....<....)%?)###.# #.#
#############.#%# #.# .@.
#.#.# #.# ..K #.#.g ## #.#.#g
#.#.#@) #.#.# ..


You could see Sigmund.

Vanquished Creatures
  2 adders (D:2)
  A dart slug (D:1)
  5 endoplasms
  2 giant cockroaches (D:1)
  11 goblins
  9 hobgoblins
  A quokka (D:1)
  4 ball pythons
  4 bats (D:1)
  3 frilled lizards (D:1)
  A kobold (D:2)
  4 rats (D:1)
47 creatures vanquished.

Notes
Turn   | Place    | Note
-------+----------+-------------------------------------------
     0 | D:1      | qw the Minotaur Hexslinger began the quest for the Orb.
     0 | D:1      | Reached XP level 1. HP: 16/16 MP: 1/1
     0 | D:1      | 0 ||| qw: Version: 0.3-a-52-g30416fa
     0 | D:1      | 0 ||| qw: Game counter: 5257
     0 | D:1      | 0 ||| qw: Melee chars always use a shield: true
     0 | D:1      | 0 ||| qw: God list: Okawaru
     0 | D:1      | 0 ||| qw: Allow faded altars: false
     0 | D:1      | 0 ||| qw: Do Orc after clearing Dungeon:15 true
     0 | D:1      | 0 ||| qw: Do second Lair branch before Depths: true
     0 | D:1      | 0 ||| qw: Lair rune preference: random
     0 | D:1      | 0 ||| qw: Goals: Normal
     0 | D:1      | 0 ||| PLANNING D:1-11
    62 | D:1      | HP: 3/16 [hobgoblin (4)]
    66 | D:1      | Reached skill level 3 in Ranged Weapons
    67 | D:1      | Reached XP level 2. HP: 4/23 MP: 2/2
   393 | D:1      | Reached XP level 3. HP: 29/29 MP: 3/3
   512 | D:1      | 512 ||| UPGRADING to +0 ring mail.
   522 | D:1      | 522 ||| DROPPING +0 robe.
   523 | D:1      | 523 ||| UPGRADING to +0 pair of boots.
   528 | D:1      | 528 ||| READING 2 scrolls labelled PAOBIY NOGUEMO.
   531 | D:1      | 531 ||| READING scroll labelled FOC ZYQAUXT.
   532 | D:1      | 532 ||| READING scroll labelled MUSCHA XIWA.
   533 | D:1      | 533 ||| DROPPING scroll of poison.
   550 | D:2      | 550 ||| STAIRDANCE
   604 | D:2      | Reached skill level 4 in Ranged Weapons
   604 | D:2      | Noticed Robin
   613 | D:2      | Noticed Sigmund
   615 | D:2      | 615 ||| Stepping ~*~*~tactically~*~*~ (outnumbered).
   624 | D:2      | Reached skill level 1 in Armour
   624 | D:2      | HP: 7/29 [hobgoblin (1)]
   625 | D:2      | 625 ||| READING scroll of teleportation.
   628 | D:2      | 628 ||| FLEEEEING.
   630 | D:2      | HP: 7/29 [kobold/+0 dagger (1)]
   641 | D:2      | Reached XP level 4. HP: 13/36 MP: 4/4
   642 | D:2      | HP: 9/36 [hobgoblin (2)]
   645 | D:2      | HP: 3/36 [goblin/+0 club[Robin] (4)]
   653 | D:2      | 653 ||| FLEEEEING.
   654 | D:2      | 654 ||| FLEEEEING.
   658 | D:2      | 658 ||| FLEEEEING.
   659 | D:2      | 659 ||| FLEEEEING.
   660 | D:2      | 660 ||| FLEEEEING.
   660 | D:2      | Killed from afar by Sigmund

Levels and vault maps discovered:
D:1:      minmay_arrival_checkered_box, layout_rooms, moated_statue,
          glass_columns_b
D:2:      layout_loops_ring, uniq_sigmund, uniq_robin, uniq_crazy_yiuf_cottage

Skill      XL: |  1  2  3 |
---------------+----------+-----
Ranged Weapons | 3 4 |  4.3
Fighting       | 2 |  2.0
Armour         | 1 |  1.0
Dodging        | |  2.1
Spellcasting   | |  1.0
Hexes          | |  2.0

Action                     |  1- 3 |  4- 6 || total
---------------------------+-------+-------++-------
   Fire: Sling             |   124 |     7 ||   131
    Use: Scroll            |     4 |       ||     4
 Armour: Robe              |    14 |       ||    14
         Ring mail         |    17 |     3 ||    20
  Dodge: Dodged            |    62 |     3 ||    65

Table legend:
 A = Non-vault XP
 B = Vault XP
 C = Vault XP percentage of total XP
 D = Non-vault monster count
 E = Vault monster count
 F = Vault count percentage of total count
                 A         B        C        D         E       F
            +---------+---------+-------+---------+---------+-------
      Total |      84 |      17 |  16.8 |      38 |       9 |  19.1
            +---------+---------+-------+---------+---------+-------
        D:1 |      48 |       0 |   0.0 |      30 |       0 |   0.0
        D:2 |      36 |      17 |  32.1 |       8 |       9 |  52.9
            +---------+---------+-------+---------+---------+-------
